 Dungeon Crawl Stone Soup version 0.31-a0-968-g24f9ace8b5 (webtiles) character file.

Game seed: 10656846538719649238

651 LeprechaunX the Changeling (level 7, -1/40 (47) HPs)
             Began as an Octopode Shapeshifter on Oct 27, 2023.
             Slain by Robin
             ... wielding a +0 spear
              (5 damage)
             ... on level 4 of the Dungeon.
             The game lasted 00:05:34 (3152 turns).

LeprechaunX the Changeling (Octopode Shapeshifter)  Turns: 3152, Time: 00:05:35

HP:   -1/40 (47)    AC:  1    Str: 14    XL:     7   Next: 53%
MP:   7/7           EV: 13    Int: 12    God:
Gold: 161           SH:  0    Dex: 13    Spells: 6/6 levels left

rFire   . .          .
                       - Unarmed
rCold   . . .        (no shield)
rNeg    . . .        (helmet currently unavailable)
rPois   .            (no amulet)
rElec   .            (no ring)
rCorr   .            (no ring)
SInv    .            (no ring)
Will    .....        (no ring)
Stlth   ++           (no ring)
HPRegen 0.26/turn    (no ring)
MPRegen 0.10/turn    (no ring)
                     (no ring)

%: no passive effects
@: beast-form, heavily drained
A: beast (slay +3), almost no armour, amphibious, 8 rings, camouflage 1,
gelatinous body 1, (nimble swimmer 1), tentacles
a: Begin Untransformation


You were on level 4 of the Dungeon.
You were a hulking beast.
You visited 1 branch of the dungeon, and saw 4 of its levels.
You also visited: Sewer.

You collected 161 gold pieces.

Inventory:

Hand Weapons
 a - a +3 sling
 j - a +1 flail of protection
Talismans
 b - a beast talisman
 c - a flux talisman
Wands
 q - a wand of quicksilver (5)
Scrolls
 d - a scroll of identify {unknown}
 g - a scroll of poison {unknown}
 h - a scroll of brand weapon {unknown}
 i - a scroll of teleportation {unknown}
 p - a scroll of vulnerability {unknown}
 s - a scroll of noise {unknown}
Potions
 e - 6 potions of haste {unknown}
 f - 2 potions of lignification
 l - a potion of magic {unknown}
 m - 2 potions of mutation {unknown}
 n - a potion of heal wounds {unknown}
 o - a potion of resistance {unknown}
 r - a potion of enlightenment {unknown}
 t - a potion of degeneration {unknown}


   Skills:
 + Level 3.8 Fighting
 - Level 2.0 Dodging
 + Level 4.9 Unarmed Combat
 + Level 0.8 Evocations
 * Level 5.9 Shapeshifting


You had 6 spell levels left.
You didn't know any spells.
Your spell library contained the following spells:

 Spells                   Type           Power      Damage    Failure   Level
 Lesser Beckoning         Tloc           0%         N/A       45%         2
 Gell's Gravitas          Tloc           0%         N/A       69%         3
 Stone Arrow              Conj/Erth      0%         3d7       69%         3
 Teleport Other           Tloc           0%         N/A       69%         3
 Lehudib's Crystal Spear  Conj/Erth      0%         10d2      100%        8
 Animate Armour           Summ/Erth      Unusable   N/A       N/A         4

Dungeon Overview and Level Annotations

Branches:
Dungeon (4/15)              Sewer (visited)
 Temple: D:4-7

Altars:
Uskayaw

Annotations:
D:4 Robin


Innate Abilities, Weirdness & Mutations

You are a hulking beast.
Your limbs bulge with bestial killing power. (Slay +3)
You cannot wear most types of armour.
You are amphibious.
You can wear up to eight rings at the same time.
Your skin changes colour to match your surroundings (Stealth+).
Your rubbery body absorbs attacks. (AC +1, EV +1)
((You are camouflaged when in or above water. (Stealth+)))
You have tentacles for arms and can constrict up to eight enemies at once.


Message History

You shoot a sling bullet. The sling bullet barely misses Robin.
The sling bullet hits the hobgoblin.
The hobgoblin is almost dead.
Robin hits you but does no damage. x2
Fire: a) +3 sling
Press: ? - help, Q - select action, (/) - cycle Shift-Dir - straight line, f/p - Robin
Aim: Robin, wielding a +0 spear, wearing a +0 animal skin and wearing a +0 helmet (heavily wounded, 67% to hit)
You shoot a sling bullet. The sling bullet hits Robin!
Robin is almost dead.
Robin hits you from afar with a +0 spear.
* * * LOW HITPOINT WARNING * * *
Fire: a) +3 sling
Press: ? - help, Q - select action, (/) - cycle Shift-Dir - straight line, f/p - Robin
Aim: Robin, wielding a +0 spear, wearing a +0 animal skin and wearing a +0 helmet (almost dead, 67% to hit)
You shoot a sling bullet. The sling bullet closely misses Robin.
The sling bullet closely misses the hobgoblin.
Robin hits you but does no damage. x2
Fire: a) +3 sling
Press: ? - help, Q - select action, (/) - cycle Shift-Dir - straight line, f/p - Robin
Aim: Robin, wielding a +0 spear, wearing a +0 animal skin and wearing a +0 helmet (almost dead, 67% to hit)
You shoot a sling bullet. The sling bullet closely misses Robin.
The sling bullet hits the hobgoblin.
You kill the hobgoblin!
You feel less wooden.
You turn into a hulking beast.
Robin hits you from afar with a +0 spear.
* * * LOW HITPOINT WARNING * * *
Fire: a) +3 sling
Press: ? - help, Q - select action, (/) - cycle Shift-Dir - straight line, f/p - Robin
Aim: Robin, wielding a +0 spear, wearing a +0 animal skin and wearing a +0 helmet (almost dead, 71% to hit)
You shoot a sling bullet. The sling bullet barely misses Robin.
Robin says, "A pitiful Octopus like you will never find the ORB!"
Robin hits you from afar with a +0 spear.
* * * LOW HITPOINT WARNING * * *
You are now empty-tentacled.
Robin hits you from afar with a +0 spear.
* * * LOW HITPOINT WARNING * * *
Robin hits you with a +0 spear.
You die...
Robin says, "And that's why I'm the boss."

..# #.# #.# #.# #.#
#.# #.########
#..#######........#
#...†gh)).#######.#
#.#######.# #.# ..#
#.# ##.# #.# #.#
#.# #.# #.# #.# #.#
#.# #.# #.#


You could see Robin.

Vanquished Creatures
  Sigmund (D:3)
  An ogre (D:4)
  2 kobold brigands (Sewer)
  A hound (D:3)
  An orc priest (D:3)
  6 adders
  3 river rats
  2 worms
  5 orcs (D:3)
  7 bats
  8 endoplasms
  3 giant cockroaches (D:3)
  14 goblins
  11 hobgoblins
  6 jackals (D:3)
  21 kobolds
  3 quokkas
  4 ball pythons
  3 frilled lizards (D:1)
  34 rats
136 creatures vanquished.

Notes
Turn   | Place    | Note
-------+----------+-------------------------------------------
     0 | D:1      | LeprechaunX the Octopode Shapeshifter began the quest for
                  | the Orb.
     0 | D:1      | Reached XP level 1. HP: 13/13 MP: 1/1
   165 | D:1      | Reached XP level 2. HP: 18/18 MP: 2/2
   785 | D:2      | Reached XP level 3. HP: 23/23 MP: 3/3
   993 | D:2      | Reached XP level 4. HP: 29/29 MP: 4/4
  1175 | D:3      | Identified the +0 short sword of Nielock {venom, Fragile
                  | Dex+5}
  1229 | D:3      | Found a glowing drain.
  1238 | D:3      | Reached skill level 4 in Shapeshifting
  1301 | Sewer    | Entered a sewer
  1444 | Sewer    | Reached XP level 5. HP: 32/35 MP: 5/5
  1831 | Sewer    | Noticed a kobold brigand
  1832 | Sewer    | Noticed a kobold brigand
  1836 | Sewer    | Killed a kobold brigand
  1837 | Sewer    | Reached XP level 6. HP: 24/41 MP: 6/6
  2145 | Sewer    | Reached skill level 5 in Shapeshifting
  2474 | D:3      | Found a faded altar of an unknown god.
  2733 | D:3      | Noticed Sigmund
  2738 | D:3      | Killed Sigmund
  2739 | D:3      | Reached XP level 7. HP: 41/46 MP: 7/7
  2838 | D:3      | Found a hide-covered altar of Uskayaw.
  3115 | D:4      | Noticed Robin
  3152 | D:4      | Slain by Robin

Illustrated notes

Levels and vault maps discovered:
D:1:      reono_arrival_mine, layout_basic, minmay_cut_off
D:2:      layout_basic
D:3:      layout_loops_ring, nicolae_uskayaw_suspiria,
          ebering_ecumenical_altar_abandoned, portal_sewer_entry_a, uniq_sigmund
D:4:      layout_loops_ring, chequers_temple_overflow_statue_of_worship,
          uniq_robin

Skill      XL: |  1  2  3  4  5  6 |
---------------+-------------------+-----
Fighting       | 2 3 |  3.8
Shapeshifting  | 4 5 |  5.9
Unarmed Combat | 4 |  4.9
Dodging        | |  2.0
Evocations     | |  0.8

Action                     |  1- 3 |  4- 6 |  7- 9 || total
---------------------------+-------+-------+-------++-------
  Melee: Unarmed           |    71 |     8 |       ||    79
         Constrict         |    14 |    41 |    11 ||    66
         Tentacles         |    11 |    28 |     8 ||    47
         Short sword       |       |   130 |    44 ||   174
         Flail             |       |     4 |       ||     4
         Punch             |       |     5 |     4 ||     9
   Fire: Sling             |       |       |     6 ||     6
    Use: Potion            |       |       |     1 ||     1
   Stab: Sleeping          |     5 |    11 |       ||    16
         Distracted        |       |       |     1 ||     1
 Armour: Skin              |    28 |    61 |    44 ||   133
  Dodge: Dodged            |    58 |    80 |     7 ||   145

Table legend: (Time is in decaauts)
 A = Elapsed time spent in this place.
 B = Non-inter-level travel time spent in this place.
 C = Inter-level travel time spent in this place.
 D = Time resting spent in this place.
 E = Time spent auto-exploring this place.
 F = Levels seen in this place.
 G = Mean time per level.
                   A        B        C        D        E       F      G
               +--------+--------+--------+--------+--------+-----+--------+
         Total |   3173 |   3100 |     73 |    445 |   1935 |   5 |  634.6 |
       Dungeon |   1990 |   1917 |     73 |      0 |   1438 |   4 |  497.5 |
         Sewer |   1182 |   1182 |      0 |    445 |    497 |   1 | 1182.0 |
               +--------+--------+--------+--------+--------+-----+--------+

Top non-repeatable levels by time:
   Sewer: 1182 daAuts
     D:1: 763 daAuts
     D:3: 705 daAuts
     D:2: 390 daAuts
     D:4: 131 daAuts
